 Dungeon Crawl Stone Soup version 0.26-a0-579-g3afe4966bf (webtiles) character file.

Game seed: 10832126852530063363

244 Baz the Insei (level 6, -1/47 HPs)
             Began as a Barachi Transmuter on Aug 23, 2020.
             Slain by a hound (6 damage)
             ... on level 3 of the Dungeon.
             The game lasted 00:07:46 (3156 turns).

Baz the Insei (Barachi Transmuter)                  Turns: 3156, Time: 00:07:47

Health: -1/47      AC:  2    Str: 12    XL:     6   Next: 10%
Magic:  2/9        EV: 21    Int: 14    God:
Gold:   109        SH:  0    Dex: 18    Spells: 3/9 levels left

rFire    . . .     SeeInvis .     - Unarmed
rCold    . . .     Faith    .   (shield currently unavailable)
rNeg     . . .     Spirit   .   (armour currently unavailable)
rPois    x         Reflect  .   (helmet currently unavailable)
rElec    .         Harm     .   (cloak currently unavailable)
rCorr    .                      (gloves currently unavailable)
MR       .....                  (boots currently unavailable)
Stlth    ++........             o - amulet of the acrobat
HPRegen  0.15/turn              (no ring)
MPRegen  0.11/turn              (no ring)

@: spider-form, very slightly contaminated
A: tiny, +LOS, swims
a: End Transformation


You were on level 3 of the Dungeon.
You were a venomous arachnid creature.
You visited 1 branch of the dungeon, and saw 4 of its levels.

You collected 109 gold pieces.

Inventory:

Missiles
 b - 144 stones (quivered)
Armour
 a - a +0 robe (melded)
 j - a +0 pair of gloves (melded)
 n - a +0 leather armour
 s - a +1 buckler of fire resistance
Jewellery
 o - an amulet of the acrobat (around neck)
Scrolls
 d - a scroll of teleportation {unknown}
 e - 4 scrolls of remove curse {unknown}
 g - a scroll of noise {unknown}
 i - 10 scrolls of identify {unknown}
 k - 2 scrolls of enchant armour {unknown}
 l - 2 scrolls of amnesia {unknown}
 m - a scroll of magic mapping {unknown}
 p - a scroll of blinking {unknown}
 u - 2 scrolls of enchant weapon {unknown}
Potions
 c - 2 potions of resistance {unknown}
 f - 2 potions of ambrosia {unknown}
 h - a potion of magic {unknown}
 q - a potion of degeneration {unknown}
 r - 2 potions of flight {unknown}
 t - 2 potions of berserk rage {unknown}
 v - a potion of haste {unknown}


   Skills:
 + Level 3.6 Fighting
 - Level 3.4 Dodging
 + Level 4.5 Unarmed Combat
 - Level 2.1 Spellcasting
 * Level 4.2 Transmutations


You had 3 spell levels left.
You knew the following spells:

 Your Spells              Type           Power        Failure   Level
a - Beastly Appendage     Tmut           ##....       13%         1
b - Wereblood             Tmut           ##......     17%         2
c - Spider Form           Tmut/Pois      #.........   52%         3

Your spell library contained the following spells:

 Spells                   Type           Power        Failure   Level
 Ice Form                 Ice/Tmut       #.......     86%         4
 Blade Hands              Tmut           ##........   89%         5


Dungeon Overview and Level Annotations

Branches:
Dungeon (4/15)
 Temple: D:4-7

Altars:
Hepliaklqana
Okawaru


Innate Abilities, Weirdness & Mutations

You can be seen from farther away. (+LOS)
You can swim through water.
((You cover ground slowly.))
((You can hop short distances.))


Message History

Your +0 pair of gloves melds into your body.
Your +0 robe melds into your body.
The hound barely misses you. The hound misses you.
Unknown command.
You hit the hound but do no damage.
The hound is poisoned.
The hound is moderately wounded.
The hound closely misses you.
You barely miss the hound.
The hound is moderately wounded.
The hound closely misses you. The hound bites you.
* * * LOW HITPOINT WARNING * * *
You closely miss the hound.
The hound is heavily wounded.
The hound closely misses you.
Unknown command.
Unknown command.
You hit the hound.
The hound is severely wounded.
The hound bites you.
You die...

#######.########.#
........#### #.#
..).รท#####.#####.#######
####............#......#
#######..####.#####.#
#........# #.#####.#
#.#####.## #.......# #.#
#.# #h.###### ##.#####.#
#s.# #........# #..#
#..####### #..# #.## #..#
#.# #..# #.#
#######..##### #.#
#.........)..# #.#
#.#####..###.# ###.# #[#
#..# #.#


You could see a hound (poisoned).

Vanquished Creatures
  An ogre (D:4)
  Natasha (twice) (D:2)
  A gnoll (D:1)
  3 adders (D:2)
  A worm (D:2)
  2 dart slugs (D:2)
  4 leopard geckos
  3 giant cockroaches
  9 goblins
  7 hobgoblins
  9 kobolds
  2 ball pythons
  12 bats
  10 rats
66 creatures vanquished.

Notes
Turn   | Place    | Note
-------+----------+-------------------------------------------
     0 | D:1      | Baz the Barachi Transmuter began the quest for the Orb.
     0 | D:1      | Reached XP level 1. HP: 15/15 MP: 3/3
   210 | D:1      | Reached XP level 2. HP: 21/21 MP: 3/5
   474 | D:1      | Reached XP level 3. HP: 17/27 MP: 4/6
   983 | D:1      | Learned a level 2 spell: Wereblood
   990 | D:1      | Learned a level 3 spell: Spider Form
  1434 | D:2      | Found an iron altar of Okawaru.
  1498 | D:2      | Reached XP level 4. HP: 23/34 MP: 4/7
  1780 | D:2      | Found a hazy altar of Hepliaklqana.
  1986 | D:2      | Noticed Natasha
  1995 | D:2      | Killed Natasha
  1995 | D:2      | Reached XP level 5. HP: 19/40 MP: 6/8
  2280 | D:2      | Noticed Natasha
  2291 | D:2      | Killed Natasha
  3122 | D:4      | Noticed an ogre
  3133 | D:4      | Killed an ogre
  3133 | D:4      | Reached XP level 6. HP: 24/47 MP: 5/9
  3156 | D:3      | Slain by a hound

Illustrated notes

Levels and vault maps discovered:
D:1:      dpeg_arrival_tiny_g, layout_basic
D:2:      layout_basic, overflow_temple_1_default, okawaru_gym_becter,
          uniq_natasha
D:3:      layout_loops_ring
D:4:      layout_rooms, grunt_temple_overflow_champion_of_chaos,
          kennysheep_decorative_pillar

Skill      XL: |  1  2  3  4  5 |
---------------+----------------+-----
Fighting       | 2 3 |  3.6
Transmutations | 3 4 |  4.2
Dodging        | 3 |  3.4
Unarmed Combat | 4 |  4.5
Spellcasting   | |  2.1

Action                   |  1- 3 |  4- 6 || total
-------------------------+-------+-------++-------
Melee: Unarmed           |    99 |    97 ||   196
       Kick              |    11 |     9 ||    20
       Headbutt          |     1 |     4 ||     5
       Punch             |     2 |       ||     2
 Cast: Beastly Appendage |    10 |     5 ||    15
       Wereblood         |     2 |       ||     2
       Spider Form       |       |     2 ||     2
 Stab: Sleeping          |       |     2 ||     2
Armor: Robe              |    24 |    12 ||    36
       Skin              |       |     1 ||     1
Dodge: Dodged            |    64 |    86 ||   150

Table legend: (Time is in decaauts)
 A = Elapsed time spent in this place.
 B = Non-inter-level travel time spent in this place.
 C = Inter-level travel time spent in this place.
 D = Time resting spent in this place.
 E = Time spent auto-exploring this place.
 F = Levels seen in this place.
 G = Mean time per level.
                   A        B        C        D        E       F      G
               +--------+--------+--------+--------+--------+-----+--------+
         Total |   3491 |   3392 |     99 |   1024 |   1725 |   4 |  872.8 |
       Dungeon |   3491 |   3392 |     99 |   1024 |   1725 |   4 |  872.8 |
               +--------+--------+--------+--------+--------+-----+--------+

Top non-repeatable levels by time:
     D:2: 1576 daAuts
     D:1: 1114 daAuts
     D:3: 751 daAuts
     D:4: 50 daAuts
